AoeStats
← Kroggan

Hill Fort

505524315Analyzed
4v4 RM · 21d ago on Sep 9, 2026· 49m 58s· 8 players
Game mode
Random Map
Map size
Large (8 player)
Population
200
Speed
Normal
Resources
Standard
Victory
Conquest
Starting age
Dark Age
Ending age
Imperial Age
RankedLock teamsTeams togetherTeam positionsShared explorationLock speedFull tech treeHidden civsTurbo modeCheats
Victory
Defeat
🇦🇷 Franks · Argentina
984
+14
🇹🇼 Franks · Taiwan
981
+14
🇪🇸 Lithuanians · Spain
977
+14
🇨🇱 Spanish · Chile
902
+16
🇪🇸 Goths · Spain
938
-15
🇹🇷 Persians · Türkiye
938
-15
🇬🇧 Slavs · United Kingdom
927
-14
🇩🇪 Spanish · Germany
910
-14
sam.pidgeon
7:18 Loom
12:10 Feudal Age
15:45 Double-Bit Axe
15:42 Horse Collar
19:06 Castle Age
17:48 Scale Mail Armor
19:47 Stone Mining
19:52 Gold Mining
20:00 Pikeman
21:08 Squires
22:27 Forging
23:12 Man-at-Arms
25:21 Sanctity
25:31 Bow Saw
26:46 Scale Barding Armor
26:24 Long Swordsman
26:57 Fletching
29:54 Wheelbarrow
29:24 Padded Archer Armor
31:26 Husbandry
32:20 Bloodlines
33:38 Murder Holes
34:05 Ballistics
35:05 Redemption
38:12 Imperial Age
36:24 Iron Casting
35:54 Elite Skirmisher
37:32 Masonry
36:46 Crossbowman
37:45 Caravan
38:00 Town Watch
39:03 Light Cavalry
39:08 Capped Ram
45:06 Druzhina
44:29 Two-Handed Swordsman
45:30 Chain Mail Armor
Ke Wai Gon
0:42 Loom
11:35 Feudal Age
13:01 Wheelbarrow
12:16 Double-Bit Axe
15:07 Horse Collar
19:51 Castle Age
20:54 Hand Cart
20:26 Town Watch
21:30 Bow Saw
21:23 Heavy Plow
21:11 Pikeman
21:52 Squires
25:57 Stone Mining
25:58 Gold Mining
33:44 Imperial Age
34:25 Fletching
34:36 Scale Mail Armor
34:47 Forging
35:01 Ballistics
34:37 Murder Holes
34:53 Masonry
34:13 Halberdier
35:05 Perfusion
38:03 Chemistry
38:03 Stone Shaft Mining
38:11 Anarchy
38:34 Bodkin Arrow
38:55 Chain Mail Armor
39:17 Iron Casting
41:07 Bracer
41:08 Padded Archer Armor
CoskunKaya
5:02 Loom
6:35 Loom
10:59 Feudal Age
12:28 Wheelbarrow
11:46 Double-Bit Axe
11:43 Horse Collar
18:44 Castle Age
18:03 Forging
18:03 Gold Mining
18:19 Scale Barding Armor
19:19 Bloodlines
19:15 Husbandry
22:39 Iron Casting
24:08 Bow Saw
24:35 Gold Shaft Mining
26:02 Heavy Plow
26:47 Stone Mining
27:51 Chain Barding Armor
34:41 Hand Cart
34:11 Town Watch
35:20 Stone Shaft Mining
36:12 Devotion
36:16 Murder Holes
36:35 Masonry
36:16 Fletching
39:52 Imperial Age
40:02 Cavalier
41:46 Plate Barding Armor
42:12 Blast Furnace
41:09 Bodkin Arrow
44:00 Two-Man Saw
43:30 Crop Rotation
42:46 Savar
44:13 Faith
47:18 Ballistics
47:59 Chemistry
47:30 Architecture
Safe & Sound
8:39 Loom
10:53 Feudal Age
12:48 Double-Bit Axe
13:00 Gold Mining
13:53 Stone Mining
19:55 Castle Age
20:09 Wheelbarrow
21:43 Bow Saw
22:06 Horse Collar
27:16 Fervor
28:46 Husbandry
28:57 Bloodlines
28:49 Padded Archer Armor
29:44 Stone Shaft Mining
29:21 Forging
33:09 Sanctity
35:40 Leather Archer Armor
38:00 Hand Cart
37:31 Town Watch
40:46 Imperial Age
38:59 Fletching
39:40 Heavy Plow
40:41 Caravan
41:20 Elite Conquistador
42:20 Conscription
42:55 Ring Archer Armor
43:36 Two-Man Saw
43:45 Supremacy
44:08 Murder Holes
43:43 Pikeman
44:24 Squires
44:25 Scale Mail Armor
45:00 Iron Casting
44:21 Bodkin Arrow
Kroggan
11:08 Feudal Age
9:25 Loom
17:18 Castle Age
16:45 Double-Bit Axe
21:55 Fletching
24:56 Horse Collar
27:53 Gold Mining
28:29 Scale Barding Armor
31:39 Devotion
34:52 Imperial Age
35:13 Bloodlines
35:50 Chain Barding Armor
36:27 Conscription
38:32 Bow Saw
39:01 Wheelbarrow
38:00 Cavalier
39:08 Husbandry
41:44 Two-Man Saw
42:44 Plate Barding Armor
42:21 Forging
44:05 Paladin
46:32 Iron Casting
45:54 Bodkin Arrow
47:39 Stone Mining
49:02 Bracer
50:03 Blast Furnace
49:50 Heavy Plow
jhonzx_11
11:30 Feudal Age
15:52 Castle Age
15:13 Double-Bit Axe
23:15 Loom
25:45 Pikeman
26:26 Squires
31:11 Imperial Age
29:34 Bow Saw
30:01 Wheelbarrow
33:44 Chemistry
32:56 Fortified Wall
34:24 Elite Skirmisher
38:06 Conscription
38:10 Fletching
38:32 Forging
38:28 Scale Barding Armor
40:36 Hand Cart
42:37 Cavalier
43:18 Husbandry
44:21 Bodkin Arrow
44:26 Padded Archer Armor
44:27 Scale Mail Armor
45:02 Iron Casting
44:48 Chain Barding Armor
43:52 Paladin
jason916802
12:48 Feudal Age
19:23 Castle Age
17:57 Double-Bit Axe
18:07 Stone Mining
18:27 Gold Mining
19:33 Loom
20:17 Bow Saw
23:02 Gold Shaft Mining
26:55 Wheelbarrow
28:31 Hand Cart
35:13 Imperial Age
34:16 Forging
34:12 Scale Barding Armor
34:24 Husbandry
35:51 Iron Casting
35:31 Cavalier
36:34 Conscription
36:14 Chivalry
36:44 Chain Barding Armor
38:13 Blast Furnace
36:54 Paladin
38:55 Plate Barding Armor
38:46 Elite Throwing Axeman
40:23 #83
41:27 Scale Mail Armor
MacGyver (RubenS)
0:28 Loom
10:55 Feudal Age
11:51 Double-Bit Axe
12:43 Wheelbarrow
11:58 Horse Collar
18:38 Castle Age
17:16 Stone Mining
18:14 Gold Mining
20:17 Bow Saw
20:54 Forging
20:49 Scale Barding Armor
21:00 Heavy Plow
23:52 Town Watch
25:58 Caravan
26:46 Bloodlines
27:27 Husbandry
30:19 Iron Casting
30:56 Chain Barding Armor
36:25 Imperial Age
34:53 Light Cavalry
37:43 Conscription
37:40 Cavalier
45:22 Guilds
44:37 Paladin
46:27 Plate Barding Armor
Connection lost

Rejoining the realm…

Still unreachable

The connection could not be restored.

Session expired

The server has moved on; the page needs a fresh start.